 Dungeon Crawl Stone Soup version 0.28.0-62-gf88900778d (webtiles) character file.

Game seed: 12786208799523449626

218 Mickster the Chopper (level 5, -1/47 HPs)
             Began as a Hill Orc Berserker on May 2, 2023.
             Was a Believer of Trog.
             Slain by an orc warrior
             ... wielding a +0 scimitar
              (15 damage)
             ... on level 4 of the Dungeon.
             The game lasted 00:28:50 (2797 turns).

Mickster the Chopper (Hill Orc Berserker)           Turns: 2797, Time: 00:28:51

Health: -1/47      AC: 13    Str: 20 (22) XL:     5   Next: 95%
Magic:  5/5        EV:  6    Int:  5 (7)  God:    Trog [**....]
Gold:   19         SH:  0    Dex:  9 (10) Spells: 4/4 levels left

rFire   . . .      SeeInvis .   k - +2 demon whip (vamp)
rCold   . . .      Faith    .   b - orb {mayhem}
rNeg    + . .      Spirit   .   w - +0 plate armour
rPois   .          Reflect  .   p - +0 helmet
rElec   .          Harm     .   (no cloak)
rCorr   .          Rampage  .   (no gloves)
Will    .....                   (no boots)
Stlth   ..........              q - amulet of regeneration
HPRegen 0.95/turn               r - ring of positive energy
MPRegen 0.09/turn               (no ring)

@: on berserk cooldown
A: no striking features
a: Renounce Religion, Convert to Beogh, Berserk, Trog's Hand


You were on level 4 of the Dungeon.
You worshipped Trog.
Trog was pleased with you.
You visited 1 branch of the dungeon, and saw 4 of its levels.

You collected 118 gold pieces.
You spent 99 gold pieces at shops.

Inventory:

Hand Weapons
 a - a +1 hand axe
 i - a +2 short sword of flaming
 j - a +0 hunting sling
 k - a +2 vampiric demon whip (weapon)
 m - the +2 mace of the Turnip {flame, rN+ Int+3}
   (You found it on level 2 of the Dungeon)

   It burns those it strikes, dealing additional fire damage.
   Int:       It affects your intelligence (+3).
   rN:        It protects you from negative energy.
 u - a +0 war axe
Missiles
 d - 16 bolts
 l - 5 poisoned darts (quivered)
 n - 51 arrows
 s - 3 boomerangs of dispersal
 v - 23 sling bullets
Armour
 b - an orb of mayhem (worn)
 g - a +0 chain mail
 p - a +0 helmet (worn)
 w - a +0 plate armour (worn)
Jewellery
 q - an amulet of regeneration (around neck)
 r - a ring of positive energy (left hand)
Wands
 o - a wand of iceblast (5)
Scrolls
 f - a scroll of amnesia
 h - a scroll of fear
 t - a scroll of identify
Potions
 e - 3 potions of curing


   Skills:
 + Level 4.6 Fighting
 - Level 5.4(5.7) Axes
 * Level 2.2(3.6) Maces & Flails
 + Level 0.3 Slings
 + Level 4.1 Armour
 + Level 1.9 Dodging
 + Level 0.1 Stealth


You had 4 spell levels left.
You didn't know any spells.
Your spell library was empty.

Dungeon Overview and Level Annotations

Branches:
Dungeon (3/15)

Altars:
Cheibriados
Sif Muna

Shops:
D:3 ***?


Message History

The orc is severely wounded.
You closely miss the orc warrior. The orc barely misses you.
The orc hits you with a +0 flail.
You closely miss the orc warrior.
You feel the effects of Trog's Hand fading.
The orc hits you with a +0 club.
The orc warrior hits you with a +0 scimitar.
The orc hits you but does no damage. x2
You whack the orc warrior!
You feel better.
The orc warrior is moderately wounded.
The orc hits you but does no damage.
The orc warrior hits you with a +0 scimitar!
The orc completely misses you.
You whack the orc warrior!
You feel better.
The orc warrior is severely wounded.
The orc barely misses you. The orc hits you with a +0 club.
The orc warrior hits you with a +0 scimitar.
The orc hits you with a +0 flail.
You closely miss the orc warrior.
The orc warrior is severely wounded.
The orc hits you but does no damage. The orc barely misses you.
The orc warrior hits you with a +0 scimitar!
* * * LOW HITPOINT WARNING * * *
The orc barely misses you.
You hit the orc warrior.
You feel better.
The orc warrior is severely wounded.
The orc hits you but does no damage. x2
The orc warrior hits you but does no damage.
The orc barely misses you.
You hit the orc warrior but do no damage.
The orc warrior is severely wounded.
Your skin stops crawling.
You feel less strong-willed. The orc hits you but does no damage.
The orc warrior completely misses you. The orc hits you but does no damage.
You hit the orc warrior but do no damage.
The orc warrior is severely wounded.
The orc hits you but does no damage. The orc hits you with a +0 club.
* * * LOW HITPOINT WARNING * * *
The orc warrior hits you with a +0 scimitar!
You die...

## #.......##.#####.#.
#.#.....#..........
#.#.....#..........
#.#.....#..........
######.#.....#........
#...........##.wSZo.
#.........#.##.ooo#
#.........# ##..@o#
#.........# #.....#
#........#..#.....######
#........#.##.....#.....
#........#....##...≈....
#........######..≈≈≈....
#........######..≈≈≈....
#................≈≈≈≈.##
#######.[....>.(.≈≈≈≈P#


You could see an orc warrior, a worm, an orc priest, 3 orcs, a ball python and a
hound skeleton.

Vanquished Creatures
  2 orc priests (D:3)
  Ijyb (D:3)
  Terence (D:2)
  A hound skeleton (D:4)
  Robin (D:3)
  A gnoll (D:3)
  An adder (D:2)
  An adder zombie (D:4)
  A dart slug (D:1)
  4 orcs (D:3)
  5 endoplasms
  3 giant cockroaches
  8 goblins
  5 hobgoblins
  2 kobolds (D:2)
  A quokka (D:1)
  2 ball pythons (D:3)
  6 bats
  4 frilled lizards
  6 rats
56 creatures vanquished.

Vanquished Creatures (collateral kills)
  A ball python (D:2)
  4 goblins
5 creatures vanquished.

Vanquished Creatures (others)
  2 goblins (D:3)
  A hobgoblin (D:3)
  A withered plant (D:4)
4 creatures vanquished.

Grand Total: 65 creatures vanquished

Notes
Turn   | Place    | Note
-------+----------+-------------------------------------------
     0 | D:1      | Mickster the Hill Orc Berserker began the quest for the
                  | Orb.
     0 | D:1      | Reached XP level 1. HP: 19/19 MP: 1/1
   549 | D:1      | Reached XP level 2. HP: 23/27 MP: 2/2
   866 | D:1      | Found a faded altar of an unknown god.
  1056 | D:1      | Reached XP level 3. HP: 30/33 MP: 3/3
  1373 | D:2      | Noticed Terence
  1378 | D:2      | Reached skill level 5 in Axes
  1383 | D:2      | Killed Terence
  1384 | D:2      | Reached XP level 4. HP: 37/41 MP: 4/4
  1832 | D:2      | Identified the +2 mace of the Turnip {flame, rN+ Int+3}
  1930 | D:3      | Found Rega's General Store.
  1934 | D:3      | Bought a wand of iceblast (5) for 99 gold pieces
  1941 | D:3      | Reached ** piety under Trog
  1948 | D:3      | Noticed Robin
  1951 | D:3      | Noticed Ijyb
  1965 | D:3      | Killed Ijyb
  1966 | D:3      | Reached skill level 1 in Maces & Flails
  1967 | D:3      | Killed Robin
  1968 | D:3      | Reached XP level 5. HP: 26/47 MP: 5/5
  2010 | D:3      | Found Kyjo's Magic Scroll Shoppe.
  2027 | D:3      | Found Diazxaduu's Assorted Antiques.
  2060 | D:3      | Found a snail-covered altar of Cheibriados.
  2069 | D:3      | Found a shimmering blue altar of Sif Muna.
  2113 | D:3      | Found Guhiosm's General Store.
  2739 | D:3      | You fall into a shaft and drop 1 floor!
  2785 | D:4      | Noticed an orc warrior
  2797 | D:4      | Slain by an orc warrior

Illustrated notes

Levels and vault maps discovered:
D:1:      dpeg_arrival_signposts, layout_loops_cross,
          ebering_ecumenical_altar_mist, supply_closet_lemuel
D:2:      layout_rooms, hangedman_decor_lopped, uniq_terence
D:3:      layout_loops_ring, mainiacjoe_overflow_big_doors, serial_shops, shop,
          nicolae_shop_hallway_stairs, nicolae_shop_stone,
          nicolae_shop_hallway_plus, kennysheep_generic_room_8, uniq_ijyb,
          uniq_robin
D:4:      layout_basic, serial_undead, serial_undead_f, serial_undead_d,
          serial_undead_a, serial_undead_a, uniq_pikel

Skill      XL: |  1  2  3  4  5 |
---------------+----------------+-----
Fighting       | 4 |  4.6
Axes           | 5 |  5.4
Maces & Flails | 1 2 |  2.2
Armour         | 3 4 |  4.1
Slings         | |  0.3
Dodging        | |  1.9
Stealth        | |  0.1

Action                   |  1- 3 |  4- 6 || total
-------------------------+-------+-------++-------
Melee: Hand axe          |    77 |    17 ||    94
       Punch             |     1 |       ||     1
       Mace              |       |    28 ||    28
       Demon whip        |       |    36 ||    36
 Fire: Hunting sling     |       |     5 ||     5
Invok: Berserk           |     2 |     3 ||     5
       Trog's Hand       |       |     3 ||     3
  Use: Scroll            |     3 |     3 ||     6
       Potion            |     1 |     4 ||     5
Armor: Animal skin       |    12 |       ||    12
       Chain mail        |    17 |    49 ||    66
       Plate armour      |       |    26 ||    26
Dodge: Dodged            |    54 |    45 ||    99
